 Dungeon Crawl Stone Soup version 0.31.0-11-ge490571c62 (webtiles) character file.

Game seed: 13551391575644450145

4 qw the Shooter (level 1, 0/10 HPs)
             Began as a Spriggan Hunter on Feb 3, 2024.
             Slain by a ball python (2 damage)
             ... on level 1 of the Dungeon.
             The game lasted 00:00:00 (86 turns).

qw the Shooter (Spriggan Hunter)                      Turns: 86, Time: 00:00:00

Health: 0/10       AC:  2    Str:  7    XL:     1   Next: 58%
Magic:  2/2        EV: 15    Int: 10    God:
Gold:   0          SH:  0    Dex: 18    Spells: 0/0 levels left

rFire   . . .        a - +0 shortbow
rCold   . . .        (shield currently unavailable)
rNeg    . . .        c - +0 robe
rPois   .            (helmet restricted)
rElec   .            (no cloak)
rCorr   .            (gloves unavailable)
SInv    +            (boots unavailable)
Will    .....        (no amulet)
Stlth   ++           (no ring)
HPRegen 0.21/turn    (no ring)
MPRegen 0.08/turn

%: no passive effects
@: constricted, very quick
A: very small, no large weapons, unfitting armour, see invisible, speed 3
a: no special abilities


You were on level 1 of the Dungeon.
You visited 1 branch of the dungeon, and saw 1 of its levels.


Innate Abilities, Weirdness & Mutations

You are very small and have problems with some larger weapons.
You are too small for most types of armour.
You have supernaturally acute eyesight. (SInv)
You cover ground extremely quickly. (Speed+++)


   Skills:
 - Level 1.5 Fighting
 - Level 4.0 Ranged Weapons
 + Level 3.3 Dodging
 - Level 1.5 Stealth


You couldn't memorise any spells.
You didn't know any spells.
Your spell library was empty.

Inventory:

Hand Weapons
 a - a +0 shortbow (weapon)
Armour
 c - a +0 robe (worn)

Dungeon Overview and Level Annotations

Branches:
Dungeon (1/15)

Altars:


Message History

You shoot an arrow.
The arrow closely misses the ball python.
The arrow hits the giant cockroach but does no damage.
The ball python closely misses you. The ball python completely misses you.
The ball python bites you. The ball python grabs you.
The ball python constricts you. The ball python closely misses you.
81 ||| RETREEEEATING.
You escape the ball python's grasp.
The ball python attacks as it pursues you!
The ball python closely misses you. The ball python grabs you.
The ball python constricts you.
The ball python attacks as it pursues you!
The ball python bites you but does no damage.
You shoot an arrow.
The arrow closely misses the ball python.
The arrow hits the rat.
You kill the rat!
The ball python completely misses you. The ball python bites you.
The ball python constricts you.
Your Dodging skill increases to level 3!
You shoot an arrow. The arrow hits the ball python!
You kill the ball python!
A kobold comes into view. It is wielding a +0 dagger.
The ball python completely misses you. The ball python misses you.
You shoot an arrow. The kobold shouts!
The arrow hits the hobgoblin!
You kill the hobgoblin!
You hear a shout!
You hear a loud squeak.
The ball python completely misses you. The ball python closely misses you.
The ball python barely misses you. The ball python closely misses you.
You shoot an arrow. The arrow hits the giant cockroach.
The giant cockroach is severely wounded.
The giant cockroach waves its antennae.
The giant cockroach closely misses you. The ball python closely misses you. x2
The giant cockroach bites you.
You shoot an arrow. The arrow hits the giant cockroach.
You kill the giant cockroach!
The ball python misses you. The ball python grabs you.
The ball python constricts you. The ball python bites you.
You die...

#.#### #....#
####.# #.#
##.####
#.....#
#.....#
#.....#
#...@.#######
#...S%.....).
##+##g.......
...%.....
g####K....
.g#rJ#.....
.##..#.##.#.
#.#(#....#...
#.#$...#$#..#


You could see an endoplasm, a goblin, a ball python, a kobold and a rat.

Vanquished Creatures
  A ball python (D:1)
  An endoplasm (D:1)
  A giant cockroach (D:1)
  A hobgoblin (D:1)
  A rat (D:1)
5 creatures vanquished.

Notes
Turn   | Place    | Note
-------+----------+-------------------------------------------
     0 | D:1      | qw the Spriggan Hunter began the quest for the Orb.
     0 | D:1      | Reached XP level 1. HP: 10/10 MP: 2/2
     0 | D:1      | 0 ||| qw: Version: 0.3-a-157-g843a77d
     0 | D:1      | 0 ||| qw: Game counter: 3864
     0 | D:1      | 0 ||| qw: Melee chars always use a shield: true
     0 | D:1      | 0 ||| qw: God list: Okawaru
     0 | D:1      | 0 ||| qw: Allow faded altars: false
     0 | D:1      | 0 ||| qw: Do Orc after clearing Dungeon:15 true
     0 | D:1      | 0 ||| qw: Do second Lair branch before Depths: true
     0 | D:1      | 0 ||| qw: Lair rune preference: random
     0 | D:1      | 0 ||| qw: Goals: Normal
     0 | D:1      | 0 ||| PLANNING D:1-11
    74 | D:1      | 74 ||| READING scroll labelled KAPPIQ UFIEFF.
    74 | D:1      | 74 ||| IDENTIFYING fizzy pink potion
    75 | D:1      | 75 ||| DROPPING scroll of butterflies.
    76 | D:1      | 76 ||| DROPPING potion of degeneration.
    81 | D:1      | 81 ||| RETREEEEATING.
    83 | D:1      | Reached skill level 3 in Dodging
    86 | D:1      | HP: 2/10 [constriction (1)]
    86 | D:1      | Slain by a ball python

Levels and vault maps discovered:
D:1:      dpeg_arrival_shrine, layout_basic, minmay_hexomino_c4

Skill      XL: |  1 |
---------------+----+-----
Dodging        | 3 |  3.3
Fighting       | |  1.5
Ranged Weapons | |  4.0
Stealth        | |  1.5

Action                     || total
---------------------------++-------
   Fire: Shortbow          ||    10
    Use: Scroll            ||     1
 Armour: Robe              ||     6
  Dodge: Dodged            ||    20

Table legend:
 A = Non-vault XP
 B = Vault XP
 C = Vault XP percentage of total XP
 D = Non-vault monster count
 E = Vault monster count
 F = Vault count percentage of total count
                 A         B        C        D         E       F
            +---------+---------+-------+---------+---------+-------
      Total |       4 |       5 |  55.6 |       2 |       3 |  60.0
            +---------+---------+-------+---------+---------+-------
        D:1 |       4 |       5 |  55.6 |       2 |       3 |  60.0
            +---------+---------+-------+---------+---------+-------
